 Dungeon Crawl Stone Soup version 0.30-a0-956-gcec3b41aec (webtiles) character file.

Game seed: 11671866690003245803

359 pascalblue the Magician (level 6, -6/32 HPs)
             Began as a Deep Elf Earth Elementalist on Mar 30, 2023.
             Was an Initiate of Vehumet.
             Mangled by an ice beast (13 damage)
             ... on level 5 of the Dungeon.
             The game lasted 00:13:10 (3601 turns).

pascalblue the Magician (DEEE)                      Turns: 3601, Time: 00:13:10

Health: -6/32      AC:  3    Str:  5    XL:     6   Next: 37%
Magic:  5/17       EV: 12    Int: 22    God:    Vehumet [......]
Gold:   322        SH:  5    Dex: 15    Spells: 8/17 levels left

rFire   . . .      SeeInvis .    p - +3 dagger (speed)
rCold   . . .      Faith    .    (no shield)
rNeg    . . .      Spirit   .    a - +1 robe
rPois   .          Reflect  +    (no helmet)
rElec   .          Rampage  .    (no cloak)
rCorr   .                        (no gloves)
Will    .....                    (no boots)
Stlth   ++                       o - amulet of reflection
HPRegen 0.25/turn                (no ring)
MPRegen 0.15/turn                (no ring)

@: studying Unarmed Combat
A: no striking features
a: Renounce Religion


You were on level 5 of the Dungeon.
You worshipped Vehumet.
Vehumet was noncommittal.
You visited 2 branches of the dungeon, and saw 6 of its levels.

You collected 322 gold pieces.

Inventory:

Hand Weapons
 c - a +0 dagger
 k - a +4 dagger
 p - a +3 dagger of speed (weapon)
Armour
 a - a +1 robe (worn)
Jewellery
 o - an amulet of reflection (around neck)
Wands
 q - a wand of iceblast (8)
 r - a wand of digging (1)
Scrolls
 l - a scroll of summoning
Potions
 b - a potion of magic
 e - a potion of heal wounds {unknown}
 f - 2 potions of might
 g - 2 potions of resistance
 h - 2 potions of invisibility
 m - a potion of flight {unknown}
 n - 2 potions of mutation {unknown}


   Skills:
 - Level 2.4 Dodging
 - Level 2.4 Stealth
 * Level 6.2 Spellcasting
 * Level 2.9 Conjurations
 - Level 1.1 Transmutations
 + Level 2.0 Ice Magic
 + Level 5.0 Earth Magic


You had 8 spell levels left.
You knew the following spells:

 Your Spells              Type           Power      Damage    Failure   Level
a - Sandblast             Erth           58%        2d13      1%          1
b - Stone Arrow           Conj/Erth      48%        3d10      5%          3
c - Hailstorm             Conj/Ice       17%        3d6       10%         3
d - Sublimation of Blood  Necr           6%         N/A       14%         2

Your spell library contained the following spells:

 Spells                   Type           Power      Damage    Failure   Level
 Passwall                 Tmut/Erth      16%        N/A       3%          2
 Apportation              Tloc           12%        N/A       9%          1
 Necrotise                Necr           24%        1d5       9%          1
 Summon Small Mammal      Summ           24%        N/A       9%          1
 Wereblood                Tmut           11%        N/A       9%          2
 Petrify                  Tmut/Erth      20%        N/A       26%         4
 Ice Form                 Ice/Tmut       13%        N/A       43%         4
 Simulacrum               Ice/Necr       5%         N/A       100%        6
 Summon Hydra             Summ           3%         N/A       100%        7


Dungeon Overview and Level Annotations

Branches:
Dungeon (5/15)             Temple (1/1) D:4

Altars:
Ashenzari
Elyvilon
Fedhas
Kikubaaqudgha
Makhleb
Nemelex Xobeh
Okawaru
Vehumet
Wu Jian
Xom
Yredelemnul
Zin


Message History

Confirm with . or Enter, or press ? or * to list all spells.
Aiming: Sandblast (safe; 1% risk of failure)
Press: ? - help, Shift-Dir - straight line, f/p - gnoll
Aim: a gnoll, wielding a +0 flail (85% to hit)
The blast of sand hits the ice beast!
The ice beast is severely wounded.
The ice beast hits you. The ice beast freezes you!
Casting: Sandblast (safe; 1% risk of failure)
Confirm with . or Enter, or press ? or * to list all spells.
You don't know that spell.
Casting: Sandblast (safe; 1% risk of failure)
Confirm with . or Enter, or press ? or * to list all spells.
Aiming: Sandblast (safe; 1% risk of failure)
Press: ? - help, Shift-Dir - straight line, f/p - gnoll
Aim: a gnoll, wielding a +0 flail (85% to hit)
The blast of sand hits the ice beast but does no damage.
The ice beast is severely wounded.
The ice beast closely misses you. x2
Unknown command.
Casting: Sandblast (safe; 1% risk of failure)
Confirm with . or Enter, or press ? or * to list all spells.
Aiming: Sandblast (safe; 1% risk of failure)
Press: ? - help, Shift-Dir - straight line, f/p - gnoll
Aim: a gnoll, wielding a +0 flail (85% to hit)
The blast of sand misses the ice beast.
The blast of sand hits the gnoll!
The gnoll is almost dead.
The ice beast hits you but does no damage.
Casting: Sandblast (safe; 1% risk of failure)
Confirm with . or Enter, or press ? or * to list all spells.
Aiming: Sandblast (safe; 1% risk of failure)
Press: ? - help, Shift-Dir - straight line, f/p - gnoll
Aim: a gnoll, wielding a +0 flail (almost dead, 85% to hit)
The blast of sand hits the ice beast.
The ice beast is almost dead.
The ice beast hits you. The ice beast freezes you!
* * * LOW HITPOINT WARNING * * *
The ice beast hits you.
* * * LOW HITPOINT WARNING * * *
The ice beast freezes you!
You die...

#.# #.# #.#
#.# #<# #.#
. #.#
....######.#
#....gY@.#
####)###.#
Y.. #.# ###.
#.# #. #.#
#. #.# #.
#.. #. ###


You could see an ice beast and a gnoll.

Vanquished Creatures
  2 jellies (D:4)
  A gnoll bouda (D:5)
  4 hounds (D:4)
  3 gnolls (D:5)
  An adder (D:4)
  2 worms (D:2)
  3 orcs
  4 bats
  5 endoplasms
  5 giant cockroaches
  7 goblins
  6 hobgoblins
  10 jackals
  3 quokkas
  3 ball pythons
  4 frilled lizards
  8 kobolds
  5 rats
76 creatures vanquished.

Vanquished Creatures (collateral kills)
  Ijyb (D:4)
1 creature vanquished.

Grand Total: 77 creatures vanquished

Notes
Turn   | Place    | Note
-------+----------+-------------------------------------------
     0 | D:1      | pascalblue the Deep Elf Earth Elementalist began the quest
                  | for the Orb.
     0 | D:1      | Reached XP level 1. HP: 10/10 MP: 6/6
   452 | D:1      | Found a faded altar of an unknown god.
   471 | D:1      | Reached XP level 2. HP: 15/15 MP: 6/8
  1143 | D:2      | Reached XP level 3. HP: 19/19 MP: 8/10
  1276 | D:2      | Found a basalt altar of Yredelemnul.
  1393 | D:2      | Reached skill level 4 in Spellcasting
  2683 | D:4      | Reached XP level 4. HP: 24/24 MP: 10/12
  2831 | D:4      | Learned a level 3 spell: Stone Arrow
  2835 | D:4      | Learned a level 3 spell: Hailstorm
  2866 | D:4      | Reached skill level 5 in Spellcasting
  2890 | D:4      | Found a white marble altar of Elyvilon.
  2894 | D:4      | Noticed Ijyb
  2899 | D:4      | Reached skill level 1 in Conjurations
  2899 | D:4      | Reached XP level 5. HP: 28/28 MP: 11/14
  2902 | D:4      | Learned a level 2 spell: Sublimation of Blood
  2925 | D:4      | Reached skill level 1 in Ice Magic
  3090 | D:4      | Reached XP level 6. HP: 25/32 MP: 12/16
  3254 | D:4      | Killed Ijyb
  3255 | D:4      | Reached skill level 6 in Spellcasting
  3255 | D:4      | Reached skill level 5 in Earth Magic
  3372 | D:4      | Found a staircase to the Ecumenical Temple.
  3381 | Temple   | Entered the Ecumenical Temple
  3406 | Temple   | Became a worshipper of Vehumet
  3450 | D:5      | Entered Level 5 of the Dungeon
  3470 | D:5      | Noticed an ice beast
  3601 | D:5      | Mangled by an ice beast

Illustrated notes

Levels and vault maps discovered:
D:1:      matt_arrival_spirals, layout_basic, hellmonk_ecumenical_altar_zigzags
D:2:      layout_rooms, basic_altar, minmay_tall_x
D:3:      layout_basic, chequers_serial_rivers_room_a
D:4:      layout_cave_pools, lemuel_doored_altar, lemuel_temple_firewalk_b,
          uniq_ijyb
D:5:      layout_loops_ring, kennysheep_little_box, chequers_ossuary_entry_cave
Temple:   compressed_dpeg_circular_temple

Skill      XL: |  1  2  3  4  5  6 |
---------------+-------------------+-----
Earth Magic    | 4 5 |  5.0
Spellcasting   | 4 5 6 |  6.2
Conjurations   | 1 2 |  2.9
Ice Magic      | 1 2 |  2.0
Dodging        | |  2.4
Stealth        | |  2.4
Transmutations | |  1.1

Action                     |  1- 3 |  4- 6 || total
---------------------------+-------+-------++-------
  Melee: Dagger            |     3 |     6 ||     9
   Cast: Sandblast         |    67 |    53 ||   120
         Stone Arrow       |       |     3 ||     3
         Hailstorm         |       |     1 ||     1
    Use: Scroll            |     6 |     7 ||    13
 Armour: Robe              |     4 |    10 ||    14
  Dodge: Dodged            |    10 |    37 ||    47
  Block: Other             |     1 |    15 ||    16

Table legend: (Time is in decaauts)
 A = Elapsed time spent in this place.
 B = Non-inter-level travel time spent in this place.
 C = Inter-level travel time spent in this place.
 D = Time resting spent in this place.
 E = Time spent auto-exploring this place.
 F = Levels seen in this place.
 G = Mean time per level.
                   A        B        C        D        E       F      G
               +--------+--------+--------+--------+--------+-----+--------+
         Total |   3660 |   3538 |    122 |    241 |   2654 |   6 |  610.0 |
       Dungeon |   3619 |   3497 |    122 |    241 |   2641 |   5 |  723.8 |
        Temple |     40 |     40 |      0 |      0 |     13 |   1 |   40.0 |
               +--------+--------+--------+--------+--------+-----+--------+

Top non-repeatable levels by time:
     D:1: 1022 daAuts
     D:3: 962 daAuts
     D:4: 860 daAuts
     D:2: 725 daAuts
     D:5: 48 daAuts
  Temple: 40 daAuts
